 Dungeon Crawl Stone Soup version 0.21-a0-625-g1119ec1 (webtiles) character file.

3733 Megalobster the Grappler (level 9, -16/89 HPs)
             Began as a Troll Monk on Dec 24, 2017.
             Demolished by a two-headed ogre
             ... wielding a +0 giant club
              (25 damage)
             ... on level 9 of the Dungeon.
             The game lasted 00:15:19 (6713 turns).

Megalobster the Grappler (Troll Monk)               Turns: 6713, Time: 00:15:20

Health: -16/89     AC:  8    Str: 23    XL:     9   Next: 92%
Magic:  8/8        EV: 16    Int:  6    God:
Gold:   417        SH:  0    Dex: 13    Spells: 8/8 levels left

rFire    . . .     SeeInvis .     - Unarmed
rCold    . . .     Gourm    +   (no shield)
rNeg     . . .     Faith    .   a - +0 robe
rPois    +         Spirit   .   i - +2 hat
rElec    .         Reflect  .   t - +0 cloak
rCorr    .         Harm     .   (gloves unavailable)
MR       .....                  (boots unavailable)
Stlth    ++........             J - amulet of regeneration
HPRegen  1.04/turn              c - +4 ring of evasion
MPRegen  0.11/turn              p - ring of poison resistance

@: no status effects
A: large, unfitting armour, claws 3, fast metabolism 3, gourmand, regeneration
1, shaggy fur 1, tough skin 2
a: no special abilities


You were on level 9 of the Dungeon.
You were very full.

You visited 2 branches of the dungeon, and saw 10 of its levels.

You collected 417 gold pieces.

Inventory:

Missiles
 d - 279 stones (quivered)
 n - 4 javelins
Armour
 a - a +0 robe (worn)
 i - a +2 hat (worn)
 o - a +2 large shield
 t - a +0 cloak (worn)
Magical Staves
 D - an uncursed staff of power {unknown}
Jewellery
 c - a +4 ring of evasion (left claw)
 k - an uncursed ring of protection from magic
 p - a ring of poison resistance (right claw)
 I - an uncursed ring of protection from cold
 J - an amulet of regeneration (around neck)
Scrolls
 e - a scroll of fear {unknown}
 g - a scroll of noise {unknown}
 j - 4 scrolls of magic mapping
 l - a scroll of amnesia {unknown}
 m - 4 scrolls of remove curse
 r - a scroll of blinking {unknown}
 w - 3 scrolls of immolation {unknown}
 x - 2 scrolls of enchant armour {unknown}
 y - a scroll of fog {unknown}
 z - 2 scrolls of teleportation {unknown}
 F - a scroll of enchant weapon {unknown}
Potions
 f - 2 potions of agility
 h - 4 potions of curing
 q - 4 potions of mutation
 s - 2 potions of haste {unknown}
 u - a potion of resistance {unknown}
 v - a potion of brilliance {unknown}
 A - a potion of ambrosia {unknown}
 C - a potion of invisibility {unknown}
 E - a potion of flight {unknown}
 G - a potion of berserk rage {unknown}
 H - a potion of lignification
Comestibles
 b - 14 rations


   Skills:
 + Level 5.8 Fighting
 * Level 5.8 Throwing
 + Level 5.8 Dodging
 - Level 1.0 Stealth
 * Level 9.5 Unarmed Combat


You had 8 spell levels left.
You didn't know any spells.

Dungeon Overview and Level Annotations

Branches:
Dungeon (9/15)             Temple (1/1) D:6            Lair (0/6) D:8
    Orc: D:9-12

Altars:
Ashenzari
Cheibriados
Dithmenos
Elyvilon
Fedhas
Gozag
Hepliaklqana
Kikubaaqudgha
Makhleb
Nemelex Xobeh
Qazlal
Ru
Sif Muna
Trog
Uskayaw
Vehumet
Wu Jian
Xom
Yredelemnul
Zin
The Shining One


Innate Abilities, Weirdness & Mutations

You are too large for most types of armour.
You have claws for hands.
Your metabolism is lightning-fast.
You like to eat raw meat.
Your natural rate of healing is unusually fast.
You are covered in fur. (AC +1)
You have very tough skin. (AC +2)


Message History

The two-headed ogre hits you with a giant club!!
You scratch the two-headed ogre.
The two-headed ogre is heavily wounded.
You closely miss the two-headed ogre.
The two-headed ogre is heavily wounded.
The two-headed ogre closely misses you.
The two-headed ogre hits you with a giant club!!
You are too injured to fight recklessly!
You scratch the two-headed ogre.
The two-headed ogre is severely wounded.
The two-headed ogre hits you with a giant club!!
* * * LOW HITPOINT WARNING * * *
The two-headed ogre barely misses you.
You feel much better.
You barely miss the two-headed ogre.
The two-headed ogre is severely wounded.
The two-headed ogre hits you with a giant club!!
* * * LOW HITPOINT WARNING * * *
The two-headed ogre hits you with a giant club!!
You die...

...####.####...
.........(.....
.......[.......
...####.#####.
#....# #....######
#.........####
#.........)..#
#..........@.#
##'##......O.#
#)##.###....#
#######)##.#....(.#
........##.#....(.#
........##.#....((#
.......###......#(#
..............#. .#
.......####


You could see a two-headed ogre.

Vanquished Creatures
  2 hippogriffs
  A hornet (D:8)
  Sigmund (D:2)
  A wyvern (D:8)
  The ghost of tof the Slasher, an amateur MiMo (D:3)
  A hungry ghost (D:7)
  A water moccasin (D:3)
  A phantom (D:7)
  2 sky beasts
  A black bear (D:8)
  2 orc warriors
  2 centaurs (D:8)
  2 big kobolds (D:7)
  A bullfrog (D:7)
  A wyvern skeleton (D:7)
  3 scorpions (D:8)
  5 wights (D:7)
  A howler monkey (D:5)
  A bullfrog zombie (D:8)
  4 crimson imps
  2 centaur zombies
  2 bullfrog skeletons
  4 hounds
  A quasit (D:8)
  Crazy Yiuf (D:3)
  An orc priest (D:6)
  A jelly (D:7)
  Terence (D:2)
  An iguana (D:4)
  5 orc wizards
  2 worker ants
  A killer bee zombie (D:8)
  A hound zombie (D:7)
  A hound skeleton (D:8)
  14 gnolls
  6 adders
  3 shadow imps
  A dart slug (D:2)
  3 leopard geckos
  22 orcs
  A ball python (D:8)
  4 giant cockroaches
  8 goblins
  2 hobgoblins
  5 jackals
  12 kobolds
  3 quokkas
  11 bats
  6 frilled lizards
  3 rats
  A fungus (D:8)
163 creatures vanquished.

Notes
Turn   | Place    | Note
-------+----------+-------------------------------------------
     0 | D:1      | Megalobster the Troll Monk began the quest for the Orb.
     0 | D:1      | Reached XP level 1. HP: 22/22 MP: 0/0
   211 | D:1      | Reached XP level 2. HP: 29/29 MP: 1/1
   753 | D:2      | Noticed Sigmund
   769 | D:2      | Killed Sigmund
   769 | D:2      | Reached skill level 4 in Unarmed Combat
   769 | D:2      | Reached XP level 3. HP: 15/37 MP: 2/2
   769 | D:2      | Reached XP level 4. HP: 18/45 MP: 3/3
   769 | D:2      | Reached XP level 5. HP: 21/53 MP: 4/4
   852 | D:2      | Noticed Terence
   865 | D:2      | Killed Terence
  1217 | D:2      | Reached skill level 5 in Unarmed Combat
  1640 | D:3      | Noticed tof's ghost (amateur MiMo)
  1653 | D:3      | Killed tof's ghost
  1653 | D:3      | Reached XP level 6. HP: 45/61 MP: 5/5
  1960 | D:3      | Found a runed door.
  1964 | D:3      | Noticed Crazy Yiuf
  1969 | D:3      | Killed Crazy Yiuf
  2170 | D:3      | Noticed a water moccasin
  2179 | D:3      | Killed a water moccasin
  2179 | D:3      | Reached skill level 6 in Unarmed Combat
  2179 | D:3      | Reached XP level 7. HP: 66/68 MP: 6/6
  3129 | D:4      | Found a sacrificial altar of Ru.
  3337 | D:5      | Entered Level 5 of the Dungeon
  3398 | D:5      | Found a glowing golden altar of the Shining One.
  3695 | D:5      | Found a hide-covered altar of Uskayaw.
  3695 | D:5      | Noticed a hand axe
  3696 | D:5      | Noticed an enchanted hand axe
  4164 | D:6      | Reached skill level 1 in Throwing
  4164 | D:6      | Reached skill level 7 in Unarmed Combat
  4181 | D:6      | Found a staircase to the Ecumenical Temple.
  4191 | D:6      | Reached XP level 8. HP: 78/79 MP: 7/7
  4221 | Temple   | Entered the Ecumenical Temple
  4781 | D:7      | Found a shimmering altar of Xom.
  4934 | D:7      | Reached skill level 5 in Fighting
  4934 | D:7      | Reached skill level 5 in Dodging
  4934 | D:7      | Reached skill level 8 in Unarmed Combat
  5144 | D:7      | Found an ornate altar of the Wu Jian Council.
  5145 | D:7      | Found a blossoming altar of Fedhas.
  5253 | D:7      | Reached XP level 9. HP: 88/88 MP: 8/8
  5895 | D:8      | Found a shadowy altar of Dithmenos.
  5939 | D:8      | Found a staircase to the Lair.
  6073 | D:8      | Reached skill level 5 in Throwing
  6084 | D:8      | Reached skill level 9 in Unarmed Combat
  6401 | D:8      | Found a sacrificial altar of Ru.
  6407 | D:8      | Found an opulent altar of Gozag.
  6416 | D:8      | Found a shattered altar of Ashenzari.
  6699 | D:9      | Noticed a two-headed ogre
  6713 | D:9      | Demolished by a two-headed ogre

Vault maps used:
D:1:      dpeg_arrival_leaves_temple_mockup
D:2:      uniq_sigmund, uniq_terence
D:3:      uniq_crazy_yiuf_cottage
D:4:      first_ration, minivault_27, nicolae_ru_the_path_less_chosen
D:5:      tso_altar, dancing_weapons_uskayaw, kennysheep_generic_room_15
D:6:      minmay_temple_entry_mist
D:7:      gammafunk_temple_overflow_statue, xom_confusion_cloud
D:8:      grunt_temple_overflow_open, dpeg_oklobed_lair
D:9:      lemuel_crystal_altar, uniq_grum
Temple:   oiseaux_autumnal_temple

Skill      XL: |  1  2  3  4  5  6  7  8  9 |
---------------+----------------------------+-----
Fighting       | 3 4 5 |  5.8
Dodging        | 3 4 5 |  5.8
Unarmed Combat | 4 5 6 7 8 9 |  9.5
Throwing       | 1 4 5 |  5.8
Stealth        | |  1.0

Action                   |  1- 3 |  4- 6 |  7- 9 || total
-------------------------+-------+-------+-------++-------
Melee: Unarmed           |    40 |    93 |   401 ||   534
       Punch             |       |     4 |    15 ||    19
Throw: Stone             |       |       |     9 ||     9
  Use: Potion            |     1 |     1 |     1 ||     3
       Scroll            |       |       |     6 ||     6
 Stab: Sleeping          |       |     2 |     1 ||     3
  Eat: Chunk             |     7 |    18 |    45 ||    70
       Ration            |       |       |     1 ||     1
Armor: Robe              |    17 |    20 |    89 ||   126
       Skin              |       |     1 |       ||     1
Dodge: Dodged            |    41 |    78 |   304 ||   423

Table legend:
 A = Spawn XP
 B = Non-spawn XP
 C = Spawn XP percentage of total XP
 D = Spawn monster count
 E = Non-spawn monster count
 F = Spawn count percentage of total count
 G = Total turns spent on level
                    A         B        C        D         E        F      G
               +---------+---------+-------+---------+---------+-------+---------
         Total |       0 |    5333 |   0.0 |       0 |     162 |   0.0 |  6713
               +---------+---------+-------+---------+---------+-------+---------
           D:1 |       0 |      14 |   0.0 |       0 |       9 |   0.0 |   570
           D:2 |       0 |     301 |   0.0 |       0 |      18 |   0.0 |  1070
           D:3 |       0 |     565 |   0.0 |       0 |      36 |   0.0 |  1038
           D:4 |       0 |     121 |   0.0 |       0 |      13 |   0.0 |   659
           D:5 |       0 |     284 |   0.0 |       0 |      15 |   0.0 |   781
           D:6 |       0 |     306 |   0.0 |       0 |       8 |   0.0 |   366
           D:7 |       0 |    1849 |   0.0 |       0 |      34 |   0.0 |  1168
           D:8 |       0 |    1754 |   0.0 |       0 |      26 |   0.0 |   677
           D:9 |       0 |     139 |   0.0 |       0 |       3 |   0.0 |   152
               +---------+---------+-------+---------+---------+-------+---------
